 Dungeon Crawl Stone Soup version 0.18.1-5-g4a78601 (webtiles) character file.

56 oplop the Insei (level 3, 0/24 HPs)
             Began as an Octopode Transmuter on May 9, 2016.
             Slain by a goblin
             ... wielding a +0 club
             ... led by Robin
              (6 damage)
             ... on level 2 of the Dungeon.
             The game lasted 00:01:46 (1501 turns).

oplop the Insei (Octopode Transmuter)               Turns: 1501, Time: 00:01:47

Health: 0/24       AC:  1    Str:  9    XL:     3   Next: 97%
Magic:  5/6        EV: 12    Int: 16    God:
Gold:   123        SH:  0    Dex: 12    Spells: 2 memorised, 3 levels left

rFire  . . .     SeeInvis .       - Unarmed
rCold  . . .     Gourm    .     (no shield)
rNeg   . . .     Faith    .     (helmet restricted)
rPois  .         Spirit   .     (no amulet)
rElec  .         Dismiss  .     (no ring)
rCorr  .         Reflect  .     (no ring)
SustAt .         Harm     .     (no ring)
MR     .....                    (no ring)
Stlth  +++.......               (no ring)
                                (no ring)
                                (no ring)
                                (no ring)

@: very slightly contaminated, not resistant to hostile enchantments, fairly
stealthy
A: almost no armour, amphibious, 8 rings, constrict 8, camouflage 1, gelatinous
body 1
a: no special abilities


You were on level 2 of the Dungeon.
You were not hungry.

You visited 1 branch of the dungeon, and saw 2 of its levels.

You collected 123 gold pieces.

Inventory:

Missiles
 a - 55 arrows
Armour
 g - a +0 buckler
Jewellery
 n - an uncursed ring of positive energy {unknown}
Scrolls
 d - a scroll of enchant weapon {unknown}
 e - 4 scrolls of remove curse {unknown}
 h - a scroll of amnesia {unknown}
 i - a scroll of noise {unknown}
 l - a scroll of identify {unknown}
 p - a scroll of immolation {unknown}
Potions
 f - a potion of invisibility {unknown}
 k - a potion of heal wounds {unknown}
 r - a potion of agility {unknown}
Books
 b - a book of Changes

   Spells                             Type                      Level
   a - Beastly Appendage              Transmutation                1
   b - Sticks to Snakes               Transmutation                2
   c - Spider Form                    Transmutation/Poison         3
   d - Ice Form                       Ice/Transmutation            4
   e - Blade Hands                    Transmutation                5
Comestibles
 c - 2 bread rations
 j - a beef jerky
 m - 2 royal jellies
 o - a slice of pizza
 q - 3 chunks of flesh


   Skills:
 + Level 1.7 Fighting
 + Level 2.2 Dodging
 + Level 1.5 Stealth
 + Level 3.3 Unarmed Combat
 + Level 2.3 Spellcasting
 * Level 2.6 Transmutations


You had 3 spell levels left.
You knew the following spells:

 Your Spells              Type           Power        Failure   Level  Hunger
a - Beastly Appendage     Trmt           ##....       10%         1    #......
b - Sticks to Snakes      Trmt           ##......     12%         2    ###....


Dungeon Overview and Level Annotations

Branches:
Dungeon (2/15)

Altars:
Ashenzari
Xom

Annotations:
D:2 Robin


Innate Abilities, Weirdness & Mutations

You cannot wear most types of armour.
You are amphibious.
You can wear up to eight rings at the same time.
You can use your tentacles to constrict eight enemies at once.
Your skin changes colour to match your surroundings (Stealth).
Your rubbery body absorbs attacks (AC +1).


Message History

The kobold hits you.
A goblin comes into view. It is wielding a dagger.
You miss the kobold.
The goblin shouts! x5
You grab the kobold. You squeeze the kobold.
You kill the kobold!
You hear a zap.
Some rock shatters into small pieces.
A goblin comes into view.
Robin throws the goblin at you! The goblin completely misses you.
The goblin hits you but does no damage.
Casting: Beastly Appendage
Confirm with . or Enter, or press ? or * to list all spells.
You miscast Beastly Appendage.
You are very lightly contaminated with residual magic.
Your skin glows momentarily.
The goblin hits you with a club!
* * * LOW HITPOINT WARNING * * *
You tentacle-slap the goblin but do no damage.
Your grab misses the goblin. The goblin hits you with a club.
You die...

# ...# ##...####.##
. #..####.## #...
###.
#...###.########
...#####...........#
...#...###.#####.#
#.#.### #.# # #...#
#.#
###..####.#####.#
.......@gg....#.#
#####.###gg##.#.# #
# ##.###.#.## .
#####.##.g# #.#..#
......†g..###.##.#
#.###g.g....#.##.#
#.g.g...##.#.##.#
#g#...#..##.#.##.#
.....>..##.#.##.#


You could see 4 goblins.

Vanquished Creatures
  An adder (D:2)
  2 worms (D:2)
  A dart slug (D:1)
  2 giant geckos (D:1)
  3 giant cockroaches
  4 goblins
  6 hobgoblins
  2 jackals (D:1)
  2 ball pythons
  3 bats
  3 giant newts
  6 kobolds
  2 rats (D:1)
37 creatures vanquished.

Notes
Turn   | Place    | Note
--------------------------------------------------------------
     0 | D:1      | oplop the Octopode Transmuter began the quest for the Orb.
     0 | D:1      | Reached XP level 1. HP: 13/13 MP: 3/3
   119 | D:1      | Found a shimmering altar of Xom.
   137 | D:1      | Reached XP level 2. HP: 18/18 MP: 1/5
   590 | D:1      | Learned a level 2 spell: Sticks to Snakes
   618 | D:1      | Reached skill level 1 in Stealth
   618 | D:1      | Reached XP level 3. HP: 10/23 MP: 6/6
  1376 | D:2      | Found a shattered altar of Ashenzari.
  1492 | D:2      | Noticed Robin
  1501 | D:2      | Slain by a goblin

Skill      XL: |  1  2 |
---------------+-------+-----
Stealth        | 1 |  1.5
Fighting       | |  1.7
Dodging        | |  2.2
Unarmed Combat | |  3.3
Spellcasting   | |  2.3
Transmutations | |  2.6

Action                   || total
-------------------------++-------
Melee: Unarmed           ||    91
       Kick              ||    19
       Constrict         ||    23
       Tentacles         ||    14
       Punch             ||     1
 Cast: Beastly Appendage ||    20
 Stab: Sleeping          ||    10
  Eat: Chunk             ||     2
Armor: Skin              ||     3
Dodge: Dodged            ||    29
